 Dungeon Crawl Stone Soup version 0.24.1-8-ga250c9d538 (webtiles) character file.

Game seed: 4628212074396842860, levelgen mode: deterministic

2650 Hugehornet the Martial Artist (level 9, -12/53 HPs)
             Began as an Octopode Transmuter on May 2, 2020.
             Was a Follower of Cheibriados.
             Killed from afar by a killer bee (37 damage)
             ... with an exploding inner flame
             ... hexed by the player character
             ... on level 8 of the Dungeon.
             The game lasted 00:22:22 (8651 turns).

Hugehornet the Martial Artist (Octopode Transmuter) Turns: 8651, Time: 00:22:23

Health: -12/53     AC:  2    Str: 12    XL:     9   Next: 62%
Magic:  10/14      EV: 20    Int: 21    God:    Cheibriados [*.....]
Gold:   312        SH:  0    Dex: 21    Spells: 0/15 levels left

rFire    . . .     SeeInvis .     - Unarmed
rCold    . . .     Gourm    .   (shield currently unavailable)
rNeg     . . .     Faith    .   (helmet currently unavailable)
rPois    x         Spirit   .   (no amulet)
rElec    .         Reflect  .   f - +4 ring of slaying
rCorr    .         Harm     .   (no ring)
MR       .....                  (no ring)
Stlth    +++.......             (no ring)
HPRegen  0.17/turn              (no ring)
MPRegen  0.14/turn              (no ring)
                                (no ring)
                                (no ring)

@: spider-form, very slightly contaminated, very slow
A: tiny, almost no armour, stealthy swim, (amphibious), 8 rings, (constrict 8)
a: End Transformation, Bend Time, Renounce Religion


You were on level 8 of the Dungeon.
You worshipped Cheibriados.
Cheibriados was aware of your devotion.
You were very hungry.
You were a venomous arachnid creature.
You visited 2 branches of the dungeon, and saw 9 of its levels.

You collected 312 gold pieces.

Inventory:

Missiles
 a - 162 arrows
Armour
 s - a +0 buckler
Jewellery
 f - a +4 ring of slaying (left front leg)
Wands
 o - a wand of enslavement (10)
Scrolls
 b - a scroll of immolation
 d - 6 scrolls of fog
 e - 10 scrolls of remove curse
 j - 4 scrolls of amnesia
 k - 2 scrolls of enchant weapon {unknown}
 l - 2 scrolls of noise {unknown}
 q - 2 scrolls of teleportation {unknown}
 t - 2 scrolls of fear {unknown}
 v - a scroll of magic mapping {unknown}
Potions
 g - 3 potions of lignification
 h - a potion of might
 i - a potion of brilliance
 n - 2 potions of magic
 p - 5 potions of curing
 u - a potion of flight
Comestibles
 c - 13 rations


   Skills:
 - Level 1.0 Fighting
 - Level 2.0 Dodging
 - Level 5.0 Stealth
 * Level 9.3 Unarmed Combat
 - Level 3.8 Spellcasting
 - Level 6.9 Transmutations
 - Level 2.0 Poison Magic
 - Level 3.2 Invocations


You couldn't memorise any spells.
You knew the following spells:

 Your Spells              Type           Power        Failure   Level  Hunger
a - Beastly Appendage     Tmut           ####..       4%          1    None
b - Sticks to Snakes      Tmut           ####....     5%          2    #......
c - Spider Form           Tmut/Pois      ###.......   17%         3    ###....
d - Ice Form              Ice/Tmut       ###.....     50%         4    ####...
e - Blade Hands           Tmut           ####......   38%         5    ######.

Your spell library contained the following spells:

 Spells                   Type           Power        Failure   Level  Hunger
 Animate Skeleton         Necr           N/A          28%         1    None
 Apportation              Tloc           #.....       28%         1    None
 Confusing Touch          Hex            #.....       28%         1    None
 Summon Small Mammal      Summ           #...         28%         1    None


Dungeon Overview and Level Annotations

Branches:
Dungeon (8/15)             Temple (1/1) D:6
   Lair: D:8-11

Altars:
Cheibriados
Dithmenos
Elyvilon
Fedhas
Gozag
Hepliaklqana
Makhleb
Nemelex Xobeh
Ru
Sif Muna
Trog
Uskayaw
Vehumet
Wu Jian
Xom
Zin
The Shining One

Shops:
D:4 (   D:7 :   D:8 :

Annotations:
D:7 exclusion: gargoyle


Innate Abilities, Weirdness & Mutations

You cannot wear most types of armour.
You are very stealthy in the water. (Stealth+)
((You are amphibious.))
You can wear up to eight rings at the same time.
((You can use your tentacles to constrict eight enemies at once.))
((Your skin changes colour to match your surroundings (Stealth+).))
((Your rubbery body absorbs attacks. (AC +1, EV +1)))


Message History

A killer bee comes into view.
As you read the scroll labeled ZAGONK UDDUKI, it crumbles to dust.
The creatures around you are filled with an inner flame!
It was a scroll of immolation.
You feel sick. The killer bee misses you. x2
The bullfrog misses you. The killer bee closely misses you.
The killer bee barely misses you. The bullfrog misses you.
Okay, then.
You feel better. The killer bee misses you. The killer bee stings you!
The bullfrog barely misses you. The killer bee closely misses you.
The killer bee completely misses you.
You bite the killer bee!
The killer bee is heavily wounded.
The killer bee stings you but does no damage.
The killer bee barely misses you. The bullfrog barely misses you.
The killer bee stings you. x2; The bullfrog completely misses you.
You bite the killer bee!
The killer bee explodes!
The fiery explosion engulfs something!
The fiery explosion engulfs you!!!
Ouch! That really hurt!
You die...

##...##.#.# ###
.####......# #.#
..........# #.# #
#. #..## #..
#.##.##.#.## ###
#..........## ..
.........{.§#....
#.#.##.YyF§§......#
##### #
####s####.....
..... ### ####
##### # #


You could see an ice beast (inner flame), a bullfrog (inner flame) and a killer
bee (inner flame).

Vanquished Creatures
  A hippogriff (D:7)
  Sigmund (D:2)
  A phantom (D:6)
  5 centaurs
  3 ogres
  2 bullfrogs (D:6)
  A gnoll sergeant (D:6)
  3 scorpions
  3 howler monkeys
  2 crimson imps
  A bullfrog zombie (D:6)
  A jelly (D:8)
  4 hounds
  A quasit (D:7)
  2 orc priests (D:5)
  Crazy Yiuf (D:2)
  A bullfrog skeleton (D:7)
  Jessica (D:2)
  A centaur skeleton (D:5)
  Terence (D:2)
  An orc wizard (D:5)
  3 worker ants
  A hound zombie (D:7)
  2 worker ant zombies
  20 gnolls
  5 adders
  2 shadow imps
  An ooze (D:6)
  2 adder skeletons (D:6)
  2 worms
  A dart slug (D:2)
  5 leopard geckos
  14 orcs
  3 giant cockroaches
  4 goblins
  5 hobgoblins
  6 jackals
  5 kobolds
  4 quokkas
  3 ball pythons
  5 bats
  2 frilled lizards
  A quokka skeleton (D:6)
  11 rats
144 creatures vanquished.

Vanquished Creatures (collateral kills)
  A water moccasin (D:7)
  An ogre (D:5)
  A bullfrog (D:7)
  A hound skeleton (D:6)
4 creatures vanquished.

Grand Total: 148 creatures vanquished

Notes
Turn   | Place    | Note
-------+----------+-------------------------------------------
     0 | D:1      | Hugehornet the Octopode Transmuter began the quest for the
                  | Orb.
     0 | D:1      | Reached XP level 1. HP: 13/13 MP: 3/3
   607 | D:1      | Reached XP level 2. HP: 18/18 MP: 3/5
  1151 | D:2      | Found a runed translucent door.
  1256 | D:2      | Learned a level 2 spell: Sticks to Snakes
  1256 | D:2      | Noticed Crazy Yiuf
  1426 | D:2      | Reached XP level 3. HP: 23/23 MP: 4/6
  1430 | D:2      | Noticed Sigmund
  1436 | D:2      | Learned a level 3 spell: Spider Form
  1483 | D:2      | Killed Sigmund
  1483 | D:2      | Reached skill level 4 in Unarmed Combat
  1483 | D:2      | Reached XP level 4. HP: 28/28 MP: 3/7
  1483 | D:2      | Reached XP level 5. HP: 33/33 MP: 3/8
  1557 | D:2      | Found a faded altar of an unknown god.
  1571 | D:2      | Found a white marble altar of Elyvilon.
  1724 | D:2      | Noticed Terence
  1730 | D:2      | Killed Terence
  1807 | D:2      | Noticed Jessica
  1817 | D:2      | Killed Jessica
  1817 | D:2      | Reached XP level 6. HP: 38/38 MP: 6/9
  2040 | D:2      | Killed Crazy Yiuf
  2040 | D:2      | Reached skill level 5 in Unarmed Combat
  2720 | D:3      | Found an ornate altar of the Wu Jian Council.
  2849 | D:3      | Found a glowing silver altar of Zin.
  3203 | D:3      | Reached skill level 1 in Stealth
  3300 | D:3      | Reached XP level 7. HP: 43/43 MP: 10/10
  3765 | D:4      | Found Ceiff's Weapon Shop.
  3768 | D:4      | Reached skill level 5 in Transmutations
  3839 | D:4      | Reached skill level 6 in Unarmed Combat
  4357 | D:5      | Entered Level 5 of the Dungeon
  4586 | D:5      | Reached XP level 8. HP: 27/48 MP: 9/12
  4921 | D:5      | Found a blossoming altar of Fedhas.
  5603 | D:6      | Reached skill level 7 in Unarmed Combat
  6326 | D:6      | Reached XP level 9. HP: 40/53 MP: 14/14
  6491 | D:6      | Learned a level 4 spell: Ice Form
  6497 | D:6      | Learned a level 5 spell: Blade Hands
  6604 | D:6      | Found a staircase to the Ecumenical Temple.
  6609 | Temple   | Entered the Ecumenical Temple
  6689 | Temple   | Became a worshipper of Cheibriados the Contemplative
  6749 | D:6      | Reached skill level 5 in Stealth
  6785 | D:6      | Reached skill level 1 in Invocations
  6987 | D:7      | Found a hide-covered altar of Uskayaw.
  6989 | D:7      | Noticed a +0 dagger
  6989 | D:7      | Noticed a +0 dagger
  6995 | D:7      | Reached skill level 8 in Unarmed Combat
  7301 | D:7      | Reached * piety under Cheibriados
  7526 | D:7      | Noticed a gargoyle
  7599 | D:7      | Found Oprefy's Book Boutique.
  7707 | D:7      | Found a bloodstained altar of Trog.
  7858 | D:7      | Reached skill level 9 in Unarmed Combat
  8554 | D:8      | Found a shimmering blue altar of Sif Muna.
  8555 | D:8      | Found a burning altar of Makhleb.
  8612 | D:8      | Found Xyttaf's Book Emporium.
  8651 | D:8      | Killed from afar by a killer bee

Levels and vault maps discovered:
D:1:      beargit_arrival_greenhouse, layout_basic
D:2:      layout_loops_corners, elyvilon_altar_5,
          chequers_ecumenical_altar_simple, uniq_sigmund,
          uniq_crazy_yiuf_cottage, uniq_jessica, uniq_terence
D:3:      layout_loops_ring, nicolae_overflow_crystal_walls, marbit_many_paths,
          serial_glass, glass_columns_a, glass_columns_b
D:4:      layout_basic, serial_shops, nicolae_shop_trees, first_ration,
          corexii_leaking_fountain, serial_bayou_crossing
D:5:      layout_basic, kennysheep_mini_moat
D:6:      layout_loops_ring, minmay_temple_entry_statues_pillars
D:7:      layout_basic, dancing_weapons_uskayaw, lightli_temple_of_fire,
          serial_shops, shop
D:8:      layout_loops_ring, okawaru_humans, lemuel_coloured_pillars_altar,
          minitemple, serial_shops, nicolae_shop_trees, david_nohive_1,
          minmay_chambers_of_fives, uniq_psyche
Temple:   nicolae_temple_figure_zero

Skill      XL: |  1  2  3  4  5  6  7  8  9 |
---------------+----------------------------+-----
Transmutations | 3 4 5 6 |  6.9
Unarmed Combat | 4 5 6 7 9 |  9.3
Poison Magic   | 2 |  2.0
Stealth        | 1 3 4 5 |  5.0
Spellcasting   | 3 |  3.8
Invocations    | 3 |  3.2
Fighting       | |  1.0
Dodging        | |  2.0

Action                   |  1- 3 |  4- 6 |  7- 9 || total
-------------------------+-------+-------+-------++-------
Melee: Unarmed           |    39 |    80 |   203 ||   322
       Constrict         |     9 |    17 |    29 ||    55
       Tentacles         |     5 |     4 |    17 ||    26
       Kick              |     7 |     9 |    36 ||    52
       Punch             |       |       |     2 ||     2
 Cast: Beastly Appendage |    18 |    22 |    35 ||    75
       Spider Form       |     1 |     7 |    21 ||    29
       Sticks to Snakes  |       |       |     9 ||     9
  Use: Scroll            |       |       |    13 ||    13
       Potion            |       |       |     2 ||     2
 Stab: Sleeping          |     2 |     2 |     9 ||    13
       Distracted        |       |       |     1 ||     1
  Eat: Chunk             |     2 |     7 |    10 ||    19
       Ration            |       |       |     2 ||     2
Armor: Skin              |     4 |     3 |    15 ||    22
Dodge: Dodged            |    21 |    44 |   175 ||   240
